 Dungeon Crawl Stone Soup version 0.23-a0-629-gae4348f (webtiles) character file.

2373 Lanoc the Slasher (level 9, -2/69 HPs)
             Began as a Mummy Berserker on Dec 25, 2018.
             Was a Priest of Trog.
             Slain by a hippogriff (8 damage)
             ... on level 7 of the Dungeon.
             The game lasted 00:14:28 (6393 turns).

Lanoc the Slasher (Mummy Berserker)                 Turns: 6393, Time: 00:14:29

Health: -2/69      AC:  5    Str: 23    XL:     9   Next: 21%
Magic:  9/9        EV: 14    Int:  6    God:    Trog [***...]
Gold:   360        SH:  3    Dex: 12    Spells: 8/8 levels left

rFire    . . .     SeeInvis .   a - +0 falchion
rCold    . . .     Gourm    .   (no shield)
rNeg     + + +     Faith    .   r - +2 robe of Honour {rPois MR+ Slay+5 Stlth+}
rPois    ∞         Spirit   .   (no helmet)
rElec    .         Reflect  +   b - +0 cloak
rCorr    +         Harm     .   (no gloves)
MR       ++...                  (no boots)
Stlth    ++........             i - +3 amulet of reflection
HPRegen  0.21/turn              k - ring of resist corrosion
MPRegen  0.11/turn              t - ring of fire

@: no status effects
A: no food or potions, fire vulnerability, cold resistance 1, negative energy
resistance 3, torment resistance, unbreathing
a: Trog's Hand, Renounce Religion


You were on level 7 of the Dungeon.
You worshipped Trog.
Trog was most pleased with you.
You were not hungry.

You visited 1 branch of the dungeon, and saw 7 of its levels.

You collected 360 gold pieces.

Inventory:

Hand Weapons
 a - a +0 falchion (weapon)
Missiles
 f - 4 javelins of returning (quivered)
Armour
 b - a +0 cloak (worn)
 e - a +1 chain mail of fire resistance
 r - the +2 robe of Honour (worn) {rPois MR+ Slay+5 Stlth+}
   (You found it on level 5 of the Dungeon)

   It affects your accuracy and damage with ranged weapons and melee attacks
   (+5).
   It protects you from poison.
   It affects your resistance to hostile enchantments.
   It makes you more stealthy.
Jewellery
 i - a +3 amulet of reflection (around neck)
 k - a ring of resist corrosion (left hand)
 t - a ring of fire (right hand)
Wands
 h - a wand of random effects (9)
 n - a wand of paralysis (5)
 q - a wand of flame (12)
Scrolls
 c - 2 scrolls of identify
 d - 6 scrolls of amnesia
 g - 3 scrolls of magic mapping
 j - 2 scrolls of remove curse
 o - a scroll of enchant armour
 p - a scroll of fear
 s - 2 scrolls of teleportation
 u - a scroll of blinking


   Skills:
 + Level 5.8 Fighting
 * Level 6.5 Long Blades
 + Level 3.8 Throwing
 + Level 4.4 Armour
 + Level 4.4 Dodging


You had 8 spell levels left.
You didn't know any spells.
Your spell library was empty.

Dungeon Overview and Level Annotations

Branches:
Dungeon (7/15)             Temple (0/1) D:6

Altars:
Cheibriados
Kikubaaqudgha
Makhleb
Trog
Vehumet
Wu Jian
Yredelemnul

Annotations:
D:4 3 runed doors, bli's ghost, weakling DrMo


Innate Abilities, Weirdness & Mutations

You do not eat or drink.
Your flesh is vulnerable to fire.
You are immune to poison.
Your flesh is cold resistant. (rC+)
You are immune to negative energy. (rN+++)
You are immune to unholy pain and torment.
You can survive without breathing.


Message History

You hit the hippogriff but do no damage.
The hippogriff is moderately wounded.
The hippogriff bites you! The hippogriff closely misses you.
The hippogriff claws you.
You slash the hippogriff!
The hippogriff is severely wounded.
The hippogriff bites you. The hippogriff completely misses you.
The hippogriff barely misses you.
You hit the hippogriff.
The hippogriff is severely wounded.
The hippogriff bites you!
* * * LOW HITPOINT WARNING * * *
The hippogriff pecks you.
* * * LOW HITPOINT WARNING * * *
The hippogriff claws you.
* * * LOW HITPOINT WARNING * * *
You barely miss the hippogriff.
The hippogriff is severely wounded.
The hippogriff bites you!
You die...

######. ####......
#.......# #.......#
##########.......#
#........<.......###
#.....†..#..@..?...>
#........###H###.###
#...........W..$.#
#.#######........#
.< #........#.. .#
.# #........#...##.#
#.....!....#.....
#.....###..#... .
#$....###..... ..


You could see a hippogriff and a hungry ghost.

Vanquished Creatures
  Grinder (D:5)
  Sigmund (D:5)
  Eustachio (D:6)
  An orc warrior (D:6)
  An ice beast (D:5)
  2 sky beasts
  3 ogres
  2 centaurs
  Blork the orc (D:6)
  3 bullfrogs
  2 scorpions
  A howler monkey (D:5)
  A crimson imp (D:5)
  A bullfrog zombie (D:6)
  An orc priest (D:3)
  4 hounds
  A bullfrog skeleton (D:5)
  3 worker ants
  Natasha (twice) (D:3)
  2 orc wizards (D:3)
  6 gnolls
  A howler monkey skeleton (D:5)
  7 adders
  A shadow imp (D:6)
  2 oozes
  An adder zombie (D:5)
  2 adder skeletons
  A dart slug (D:3)
  3 worms
  3 leopard geckos
  10 orcs
  7 giant cockroaches
  9 hobgoblins
  15 jackals
  3 kobolds (D:1)
  2 quokkas (D:4)
  A ball python (D:2)
  4 bats
  7 frilled lizards
  8 goblins
  A leopard gecko zombie (D:5)
  5 rats
133 creatures vanquished.

Vanquished Creatures (others)
  An orc wizard (D:3)
  A goblin (D:2)
  A hobgoblin (D:2)
3 creatures vanquished.

Grand Total: 136 creatures vanquished

Notes
Turn   | Place    | Note
-------+----------+-------------------------------------------
     0 | D:1      | Lanoc the Mummy Berserker began the quest for the Orb.
     0 | D:1      | Reached XP level 1. HP: 18/18 MP: 1/1
   117 | D:1      | Reached XP level 2. HP: 24/24 MP: 2/2
   484 | D:1      | Reached XP level 3. HP: 7/29 MP: 3/3
  1094 | D:2      | Reached skill level 3 in Long Blades
  1110 | D:2      | Found a faded altar of an unknown god.
  1146 | D:2      | Noticed an ice beast
  1231 | D:2      | Found a radiant altar of Vehumet.
  1262 | D:2      | Found a snail-covered altar of Cheibriados.
  1507 | D:3      | Reached XP level 4. HP: 34/35 MP: 4/4
  1524 | D:3      | Noticed a centaur
  1554 | D:3      | Reached ** piety under Trog
  1565 | D:3      | Killed a centaur
  1565 | D:3      | Reached skill level 1 in Throwing
  1565 | D:3      | Reached XP level 5. HP: 8/41 MP: 5/5
  2021 | D:3      | Found a bloodstained altar of Trog.
  2031 | D:3      | Found an ornate altar of the Wu Jian Council.
  2500 | D:3      | Noticed Natasha
  2513 | D:3      | Killed Natasha
  2513 | D:3      | Reached XP level 6. HP: 34/48 MP: 6/6
  2560 | D:3      | Noticed Natasha
  2571 | D:3      | Killed Natasha
  2683 | D:3      | Reached skill level 4 in Long Blades
  2761 | D:3      | Found an ancient bone altar of Kikubaaqudgha.
  3101 | D:4      | Found a runed gate.
  3104 | D:4      | Found a runed gate.
  3104 | D:4      | Found a runed gate.
  3105 | D:4      | Noticed bli's ghost (weakling DrMo)
  3157 | D:4      | Reached *** piety under Trog
  3427 | D:5      | Entered Level 5 of the Dungeon
  3427 | D:5      | Noticed a sky beast
  3438 | D:5      | Killed a sky beast
  3438 | D:5      | Reached XP level 7. HP: 14/54 MP: 7/7
  3783 | D:5      | Noticed Grinder
  3797 | D:5      | Paralysed by Grinder for 4 turns
  3954 | D:5      | Paralysed by Grinder for 6 turns
  3967 | D:5      | Killed Grinder
  3974 | D:5      | Found Siagidol's Serpentskin Sales.
  4254 | D:5      | Reached skill level 5 in Long Blades
  4576 | D:5      | Reached XP level 8. HP: 41/61 MP: 8/8
  4720 | D:5      | Got a distressingly furry robe
  4731 | D:5      | Identified the +2 robe of Honour {rPois MR+ Slay+5 Stlth+}
                  | (You found it on level 5 of the Dungeon)
  4765 | D:5      | Noticed Sigmund
  4775 | D:5      | Killed Sigmund
  4777 | D:5      | Reached skill level 5 in Fighting
  5145 | D:6      | Noticed Eustachio
  5171 | D:6      | Killed Eustachio
  5371 | D:6      | Found a burning altar of Makhleb.
  5379 | D:6      | Reached skill level 6 in Long Blades
  5395 | D:6      | Noticed Blork the orc
  5405 | D:6      | Killed Blork the orc
  5588 | D:6      | Found a basalt altar of Yredelemnul.
  5659 | D:6      | Reached XP level 9. HP: 44/68 MP: 9/9
  5814 | D:6      | Found a staircase to the Ecumenical Temple.
  6393 | D:7      | Slain by a hippogriff

Vault maps used:
D:1:      ncdulo_smallfort
D:2:      fiery_altar_vehumet, cheibriados_altar_1, first_ration,
          chequers_ecumenical_altar_simple
D:3:      lemuel_round_altar, amethyst_overflow_temple_binary, uniq_natasha
D:4:      ebering_ghost_rock_garden
D:5:      guppyfry_shop_venom, uniq_grinder, uniq_sigmund
D:6:      makhleb_heckhound_becter, yredelemnul_altar_generic, temple_hall,
          uniq_blork_the_orc, uniq_eustachio
D:7:      serial_shops, kennysheep_little_box, grunt_livestock

Skill      XL: |  1  2  3  4  5  6  7  8 |
---------------+-------------------------+-----
Dodging        | 2 3 4 |  4.4
Long Blades    | 3 4 5 6 |  6.5
Armour         | 2 3 4 |  4.4
Throwing       | 1 2 3 |  3.8
Fighting       | 4 5 |  5.8

Action                   |  1- 3 |  4- 6 |  7- 9 || total
-------------------------+-------+-------+-------++-------
Melee: Falchion          |   148 |   261 |   268 ||   677
  Use: Scroll            |       |       |     9 ||     9
 Stab: Sleeping          |       |       |     5 ||     5
Armor: Animal skin       |     1 |       |       ||     1
       Chain mail        |   127 |   139 |    55 ||   321
       Robe              |       |       |    62 ||    62
Dodge: Dodged            |   109 |   102 |   209 ||   420
Block: Other             |    11 |    23 |    32 ||    66
       Reflection        |       |     1 |     1 ||     2
       Rpst.: Falchion   |    46 |    39 |    75 ||   160

Table legend:
 A = Non-vault XP
 B = Vault XP
 C = Vault XP percentage of total XP
 D = Non-vault monster count
 E = Vault monster count
 F = Vault count percentage of total count
                 A         B        C        D         E       F
            +---------+---------+-------+---------+---------+-------
      Total |    2473 |     917 |  27.1 |     125 |       9 |   6.7
            +---------+---------+-------+---------+---------+-------
        D:1 |      45 |       0 |   0.0 |      27 |       0 |   0.0
        D:2 |      46 |       0 |   0.0 |      10 |       0 |   0.0
        D:3 |     400 |      35 |   8.0 |      38 |       1 |   2.6
        D:4 |     119 |      26 |  17.9 |       7 |       2 |  22.2
        D:5 |     963 |     519 |  35.0 |      26 |       3 |  10.3
        D:6 |     726 |     337 |  31.7 |      14 |       3 |  17.6
        D:7 |     174 |       0 |   0.0 |       3 |       0 |   0.0
            +---------+---------+-------+---------+---------+-------
